 Dungeon Crawl Stone Soup version 0.22-a0-254-gaf95ca0 (webtiles) character file.

1253 emperorscorpion the Grappler (level 8, -10/78 HPs)
             Began as a Troll Berserker on Mar 4, 2018.
             Was a Believer of Trog.
             Mangled by an orc warrior
             ... wielding a +0 trident
              (23 damage)
             ... on level 8 of the Dungeon.
             The game lasted 00:05:01 (1299 turns).

emperorscorpion the Grappler (Troll Berserker)      Turns: 1299, Time: 00:05:02

Health: -10/78     AC:  5    Str: 26    XL:     8   Next: 26%
Magic:  7/7        EV: 11    Int:  3    God:    Trog [**....]
Gold:   64         SH:  0    Dex: 11    Spells: 7/7 levels left

rFire    . . .     SeeInvis .     - Unarmed
rCold    . . .     Gourm    +   (no shield)
rNeg     . . .     Faith    .   a - +0 animal skin
rPois    .         Spirit   .   (helmet restricted)
rElec    .         Reflect  .   (no cloak)
rCorr    .         Harm     .   (gloves unavailable)
MR       ++...                  (boots unavailable)
Stlth    +.........             (no amulet)
HPRegen  1.63/turn              (no ring)
MPRegen  0.10/turn              (no ring)

@: berserk cooldown, regenerating, slowed, very slow
A: large, unfitting armour, claws 3, fast metabolism 3, gourmand, regeneration
1, shaggy fur 1, tough skin 2
a: Berserk, Trog's Hand, Renounce Religion


You were on level 8 of the Dungeon.
You worshipped Trog.
Trog was pleased with you.
You were very full.

You visited 1 branch of the dungeon, and saw 9 of its levels.

You collected 114 gold pieces.
You spent 50 gold pieces at shops.

Inventory:

Missiles
 d - 137 stones (quivered)
 e - a throwing net
 n - 7 javelins of penetration
Armour
 a - a +0 animal skin (worn)
Jewellery
 w - an uncursed ring of magical power {unknown}
Wands
 l - a wand of enslavement (14)
 p - a wand of iceblast (4)
Scrolls
 g - a scroll of teleportation
 h - a scroll of amnesia {unknown}
 i - 3 scrolls of identify {unknown}
 m - 2 scrolls of fog
 o - a scroll of enchant weapon {unknown}
 q - a scroll of remove curse {unknown}
 r - a scroll of torment {unknown}
 s - a scroll of blinking {unknown}
Potions
 f - a potion of heal wounds {unknown}
 j - 2 potions of degeneration {unknown}
 k - a potion of brilliance {unknown}
 t - 2 potions of mutation {unknown}
 u - a potion of resistance {unknown}
 v - 2 potions of lignification {unknown}
Comestibles
 b - 5 rations


   Skills:
 + Level 3.8 Fighting
 + Level 4.9 Dodging
 + Level 0.2 Stealth
 + Level 8.3 Unarmed Combat


You had 7 spell levels left.
You didn't know any spells.

Dungeon Overview and Level Annotations

Branches:
Dungeon (9/15)               Lair (0/6) D:8
 Temple: D:4-7          Orc: D:9-12

Altars:
Dithmenos

Shops:
D:8 ?

Annotations:
D:5 Pikel


Innate Abilities, Weirdness & Mutations

You are too large for most types of armour.
You have claws for hands.
Your metabolism is lightning-fast.
You like to eat raw meat.
Your natural rate of healing is unusually fast.
You are covered in fur. (AC +1)
You have very tough skin. (AC +2)


Message History

You mangle the shadow imp!!
You kill the shadow imp!
Trog accepts your kill.
The orc warrior hits you from afar with a trident!
The orc warrior hits you with a trident.
The orc warrior barely misses you.
You claw the orc warrior!
The orc warrior is heavily wounded.
The orc warrior hits you with a trident!!
* * * LOW HITPOINT WARNING * * *
You scratch the orc warrior but do no damage.
The orc warrior is heavily wounded.
The orc warrior hits you with a trident.
* * * LOW HITPOINT WARNING * * *
You feel better.
The orc warrior hits you with a trident!
* * * LOW HITPOINT WARNING * * *
You feel better.
The orc warrior hits you with a trident!!
You die...

#...........o.........
#...........5#.###..#
#............#.#
#...........##
###########5# #....#
#.#### #o# #@#
#.#########.#
#...))......#
#############


You could see an orc warrior.

Vanquished Creatures
  A hungry ghost (D:7)
  A porcupine (D:8)
  An ice beast (D:7)
  2 centaurs
  2 ogres
  A crocodile (D:8)
  A phantom (D:4)
  A wolf (D:8)
  2 big kobolds
  2 bullfrogs
  A bullfrog skeleton (D:8)
  A hound (D:7)
  A shadow imp (D:8)
  An adder skeleton (D:7)
  A worm (D:5)
  A leopard gecko (D:8)
  2 orcs
  5 giant cockroaches
  6 goblins
  2 hobgoblins
  3 jackals (D:5)
  A quokka (D:6)
  4 bats
  A frilled lizard (D:3)
  A jackal skeleton (D:5)
  A jackal zombie (D:8)
  7 kobolds
  A leopard gecko skeleton (D:8)
  5 rats (D:1)
59 creatures vanquished.

Vanquished Creatures (others)
  A fungus (D:8)
  4 plants (D:8)
5 creatures vanquished.

Grand Total: 64 creatures vanquished

Notes
Turn   | Place    | Note
-------+----------+-------------------------------------------
     0 | D:1      | emperorscorpion the Troll Berserker began the quest for the Orb.
     0 | D:1      | Reached XP level 1. HP: 22/22 MP: 0/0
    75 | D:1      | Reached XP level 2. HP: 28/29 MP: 1/1
   174 | D:3      | Found a shadowy altar of Dithmenos.
   296 | D:3      | Reached ** piety under Trog
   413 | D:4      | Noticed an ogre
   418 | D:4      | Killed an ogre
   418 | D:4      | Reached skill level 4 in Unarmed Combat
   418 | D:4      | Reached XP level 3. HP: 36/36 MP: 2/2
   418 | D:4      | Reached XP level 4. HP: 44/44 MP: 3/3
   486 | D:4      | Noticed a phantom
   495 | D:4      | Killed a phantom
   495 | D:4      | Reached XP level 5. HP: 44/53 MP: 4/4
   500 | D:5      | Entered Level 5 of the Dungeon
   593 | D:5      | Noticed a centaur
   609 | D:5      | Killed a centaur
   609 | D:5      | Reached skill level 5 in Unarmed Combat
   609 | D:5      | Reached XP level 6. HP: 52/61 MP: 5/5
   656 | D:5      | Noticed a slave
   657 | D:5      | Noticed a slave
   658 | D:5      | Noticed Pikel
   658 | D:5      | Noticed a slave
   658 | D:5      | Noticed an ice beast
   660 | D:5      | Noticed a slave
   794 | D:7      | Noticed an ice beast
   808 | D:7      | Killed an ice beast
   808 | D:7      | Reached skill level 6 in Unarmed Combat
   837 | D:7      | Noticed a hungry ghost
   846 | D:7      | Killed a hungry ghost
   846 | D:7      | Reached XP level 7. HP: 67/67 MP: 6/6
   929 | D:7      | You fall through a shaft for 2 floors!
  1021 | D:8      | Found Doasoadd's Magic Scroll Shop.
  1027 | D:8      | Reached skill level 7 in Unarmed Combat
  1044 | D:8      | Bought a scroll of teleportation for 30 gold pieces
  1044 | D:8      | Bought a scroll of fog for 20 gold pieces
  1096 | D:8      | Noticed a basilisk
  1100 | D:8      | Noticed a basilisk
  1137 | D:8      | Found a staircase to the Lair.
  1209 | D:8      | Reached XP level 8. HP: 73/78 MP: 7/7
  1244 | D:8      | Reached skill level 8 in Unarmed Combat
  1297 | D:8      | HP: 3/78 [orc warrior/trident (6)]
  1299 | D:8      | Mangled by an orc warrior

Vault maps used:
D:1:      dpeg_arrival_prison, minmay_tree_intersection
D:2:      nicolae_overflow_crystal_walls, fiery_altar_vehumet, uniq_robin
D:3:      grunt_dithmenos_smoke, nicolae_qazlal_style_of_elements, first_ration,
          minmay_misc_feat_chi, minmay_splitting_lines, serial_bayou_lagoon_b
D:4:      yredelemnul_forgotten_temple_becter, minmay_temple_entry_butterflies,
          minmay_strange_pillars, kennysheep_generic_room_16, uniq_natasha
D:5:      nicolae_tso_carved_into_rock, kennysheep_mini,
          sigmund_edmund_badplayer, uniq_pikel, uniq_duvessa
D:6:      old_standard_altar, basic_altar, kennysheep_cross_bottleneck
D:7:      bloody_makhleb, kennysheep_mini_moat
D:8:      minmay_lair_entry_grove, serial_shops, shop
D:9:      old_standard_altar, serial_shops, nicolae_shop_behind_doors

Skill      XL: |  1  2  3  4  5  6  7  8 |
---------------+-------------------------+-----
Dodging        | 3 4 |  4.9
Unarmed Combat | 4 5 6 7 8 |  8.3
Fighting       | 3 |  3.8
Stealth        | |  0.2

Action                   |  1- 3 |  4- 6 |  7- 9 || total
-------------------------+-------+-------+-------++-------
Melee: Unarmed           |    67 |    59 |    77 ||   203
       Punch             |     2 |     1 |     2 ||     5
Invok: Berserk           |     1 |     4 |     2 ||     7
       Trog's Hand       |       |       |     2 ||     2
  Use: Scroll            |       |       |     2 ||     2
       Potion            |       |       |     3 ||     3
  Eat: Chunk             |     9 |     3 |    11 ||    23
       Ration            |       |       |     1 ||     1
Armor: Animal skin       |    34 |    15 |    20 ||    69
Dodge: Dodged            |    35 |    29 |    65 ||   129

Table legend:
 A = Spawn XP
 B = Non-spawn XP
 C = Spawn XP percentage of total XP
 D = Spawn monster count
 E = Non-spawn monster count
 F = Spawn count percentage of total count
 G = Total turns spent on level
                    A         B        C        D         E        F      G
               +---------+---------+-------+---------+---------+-------+---------
         Total |       0 |    1790 |   0.0 |       0 |      59 |   0.0 |  1299
               +---------+---------+-------+---------+---------+-------+---------
           D:1 |       0 |      19 |   0.0 |       0 |      13 |   0.0 |   114
           D:2 |       0 |       1 |   0.0 |       0 |       1 |   0.0 |    15
           D:3 |       0 |      18 |   0.0 |       0 |      11 |   0.0 |   240
           D:4 |       0 |     225 |   0.0 |       0 |       2 |   0.0 |   131
           D:5 |       0 |     127 |   0.0 |       0 |       6 |   0.0 |   160
           D:6 |       0 |      90 |   0.0 |       0 |       2 |   0.0 |    98
           D:7 |       0 |     576 |   0.0 |       0 |      10 |   0.0 |   171
           D:8 |       0 |     734 |   0.0 |       0 |      14 |   0.0 |   296
               +---------+---------+-------+---------+---------+-------+---------
